 Dungeon Crawl Stone Soup version 0.26-a0-519-gb2f46efeda (webtiles) character file.

Game seed: 3025978014456901834

88 MrRokkomies the Stinger (level 4, -8/27 HPs)
             Began as an Octopode Venom Mage on Aug 10, 2020.
             Was a Believer of Dithmenos.
             Mangled by an orc
             ... wielding a +0 whip of electrocution
              (20 damage)
             ... on level 3 of the Dungeon.
             The game lasted 00:06:18 (2699 turns).

MrRokkomies the Stinger (Octopode Venom Mage)       Turns: 2699, Time: 00:06:19

Health: -8/27      AC:  1    Str:  7    XL:     4   Next: 53%
Magic:  0/7        EV: 14    Int: 18    God:    Dithmenos [**....]
Gold:   150        SH:  0    Dex: 12    Spells: 1/7 levels left

rFire    . . .     SeeInvis .   a - +0 short sword
rCold    . . .     Faith    .   (no shield)
rNeg     . . .     Spirit   .   (helmet restricted)
rPois    .         Reflect  .   (no amulet)
rElec    .         Harm     .   k - ring of resist corrosion
rCorr    +                      (no ring)
MR       .....                  (no ring)
Stlth    ++++......             (no ring)
HPRegen  0.09/turn              (no ring)
MPRegen  0.10/turn              (no ring)
                                (no ring)
                                (no ring)

@: very slightly contaminated, wreathed by umbra
A: almost no armour, stealthy swim, amphibious, 8 rings, constrict 8, camouflage
1, gelatinous body 1
a: Shadow Step, Renounce Religion


You were on level 3 of the Dungeon.
You worshipped Dithmenos.
Dithmenos was pleased with you.
You visited 1 branch of the dungeon, and saw 3 of its levels.

You collected 150 gold pieces.

Inventory:

Hand Weapons
 a - a +0 short sword (weapon)
 j - a +0 hunting sling
Missiles
 d - 12 sling bullets
 f - 128 stones (quivered)
Magical Staves
 b - an uncursed staff of wizardry
Jewellery
 k - a ring of resist corrosion (left tentacle)
Scrolls
 g - a scroll of identify {unknown}
Potions
 c - 2 potions of curing {unknown}
 e - a potion of lignification {unknown}
 h - 2 potions of degeneration {unknown}
 i - 2 potions of cancellation {unknown}


   Skills:
 * Level 3.1 Dodging
 + Level 3.6 Stealth
 - Level 2.0 Spellcasting
 + Level 1.8 Transmutations
 * Level 4.6 Poison Magic


You had one spell level left.
You knew the following spells:

 Your Spells              Type           Power        Failure   Level
a - Sting                 Tmut/Pois      ##..         4%          1
b - Poisonous Vapours     Pois/Air       ##....       11%         2
c - Mephitic Cloud        Conj/Pois/Air  #.......     28%         3

Your spell library contained the following spells:

 Spells                   Type           Power        Failure   Level
 Ignite Poison            Fire/Tmut/Pois #.......     22%         3
 Olgreb's Toxic Radiance  Pois           ###.....     26%         4


Dungeon Overview and Level Annotations

Branches:
Dungeon (3/15)

Altars:
Dithmenos


Innate Abilities, Weirdness & Mutations

You cannot wear most types of armour.
You are very stealthy in the water. (Stealth+)
You are amphibious.
You can wear up to eight rings at the same time.
You can use your tentacles to constrict eight enemies at once.
Your skin changes colour to match your surroundings (Stealth+).
Your rubbery body absorbs attacks. (AC +1, EV +1)


Message History

Nothing appears to happen.
The orc priest mumbles some strange prayers to Beogh against you.
Beogh smites you!
A kobold comes into view. It is wielding a +0 dagger.
The orc wizard casts a spell.
The orc wizard flickers and vanishes!
Deactivating autopickup; reactivate with Ctrl-A.
Casting: Poisonous Vapours (safe; 11% risk of failure)
Confirm with . or Enter, or press ? or * to list all spells.
Aiming: Sting (safe; 4% risk of failure)
Press: ? - help, Shift-Dir - straight line, f/p - orc priest
Aim: an orc priest, wielding a +0 flail (severely wounded, poisoned)
The sting misses the orc.
The sting hits something.
The orc misses you.
A frilled lizard comes into view.
An ogre comes into view. It is wielding a +0 giant club.
The orc priest looks encouraged for a moment.
The orc hits you. The orc hits you but does no damage.
You are electrocuted!!
Ouch! That really hurt!
You die...

######### ........#
. ........# ...
........####!O...
........{<...l...
........o##oo....
.......@.oKK.....
........###...###
##..##### #.... ...
#.###.####### .#
#............
#.##..### #)
#######.###...####.
#...............Y..
..####.########<##.


You could see 2 orc priests, 2 orcs and 2 kobolds.

Vanquished Creatures
  2 adders
  2 worms
  5 leopard geckos
  An orc (D:3)
  5 bats (D:1)
  2 giant cockroaches (D:2)
  8 goblins
  7 hobgoblins
  3 jackals (D:1)
  A quokka (D:2)
  A ball python (D:1)
  6 frilled lizards
  5 kobolds
  8 rats
56 creatures vanquished.

Notes
Turn   | Place    | Note
-------+----------+-------------------------------------------
     0 | D:1      | MrRokkomies the Octopode Venom Mage began the quest for the
                  | Orb.
     0 | D:1      | Reached XP level 1. HP: 11/11 MP: 3/3
   322 | D:1      | Reached XP level 2. HP: 17/17 MP: 0/5
   326 | D:1      | Learned a level 2 spell: Poisonous Vapours
   646 | D:1      | Reached skill level 4 in Poison Magic
   687 | D:1      | Reached XP level 3. HP: 21/21 MP: 6/6
  1208 | D:2      | Learned a level 3 spell: Mephitic Cloud
  1502 | D:2      | Found a faded altar of an unknown god.
  1507 | D:2      | Became a worshipper of Dithmenos the Shadowed
  1507 | D:2      | Reached * piety under Dithmenos
  1834 | D:2      | Reached XP level 4. HP: 22/27 MP: 7/7
  2463 | D:3      | Reached ** piety under Dithmenos
  2519 | D:3      | Noticed an ice beast
  2697 | D:3      | Noticed an ogre
  2699 | D:3      | Mangled by an orc

Illustrated notes

Levels and vault maps discovered:
D:1:      tarquinn_simple_flora_water_a, layout_rooms
D:2:      layout_loops_ring, chequers_ecumenical_altar_lobes, st_stairs_9
D:3:      layout_rooms, grunt_ministairs_15, nicolae_tso_carved_into_rock

Skill      XL: |  1  2  3  4 |
---------------+-------------+-----
Stealth        | 3 |  3.6
Poison Magic   | 4 |  4.6
Dodging        | 3 |  3.1
Spellcasting   | |  2.0
Transmutations | |  1.8

Action                   |  1- 3 |  4- 6 || total
-------------------------+-------+-------++-------
Melee: Unarmed           |    14 |       ||    14
       Constrict         |    14 |     7 ||    21
       Tentacles         |     4 |     3 ||     7
       Short sword       |    36 |    24 ||    60
 Fire: Hunting sling     |    42 |       ||    42
Throw: Stone             |       |     2 ||     2
 Cast: Sting             |    24 |    12 ||    36
       Poisonous Vapours |     1 |     2 ||     3
  Use: Scroll            |     2 |     1 ||     3
 Stab: Sleeping          |     5 |     4 ||     9
Armor: Skin              |     5 |     1 ||     6
Dodge: Dodged            |    46 |    31 ||    77

Table legend: (Time is in decaauts)
 A = Elapsed time spent in this place.
 B = Non-inter-level travel time spent in this place.
 C = Inter-level travel time spent in this place.
 D = Time resting spent in this place.
 E = Time spent auto-exploring this place.
 F = Levels seen in this place.
 G = Mean time per level.
                   A        B        C        D        E       F      G
               +--------+--------+--------+--------+--------+-----+--------+
         Total |   2711 |   2612 |     99 |    649 |   1555 |   3 |  903.7 |
       Dungeon |   2711 |   2612 |     99 |    649 |   1555 |   3 |  903.7 |
               +--------+--------+--------+--------+--------+-----+--------+

Top non-repeatable levels by time:
     D:2: 1279 daAuts
     D:1: 1003 daAuts
     D:3: 428 daAuts
